 Dungeon Crawl Stone Soup version 0.19-a0-517-gd6a9987 (webtiles) character file.

6972 mistymad the Covert (level 10, -2/74 HPs)
             Began as a Vampire Enchanter on June 6, 2016.
             Was a Follower of Ashenzari.
             Slain by a cyclops (26 damage)
             ... on level 11 of the Dungeon.
             The game lasted 00:53:27 (14633 turns).

mistymad the Covert (Vampire Enchanter)            Turns: 14633, Time: 00:53:28

Health: -2/74      AC:  6    Str:  7    XL:     10   Next: 81%
Magic:  9/19       EV: 17    Int: 19    God:    Ashenzari [*.....]
Gold:   381        SH:  0    Dex: 17    Spells: 5 memorised, 9 levels left

rFire  + . .     SeeInvis +     a - +1 dagger
rCold  + . .     Gourm    .     b - +1 robe
rNeg   + + .     Faith    .     (no shield)
rPois  +         Spirit   .     q - +0 helmet
rElec  .         Dismiss  .     A - +0 cloak
rCorr  .         Reflect  .     C - +0 pair of gloves
SustAt +         Harm     .     (no boots)
MR     +....                    (no amulet)
Stlth  ++++++....               y - ring of sustain attributes
                                l - ring of protection from fire

@: lethally poisoned (-2 -> -14), regenerating slowly, somewhat resistant to
hostile enchantments, very stealthy
A: fangs 3, see invisible, unbreathing
a: Bat Form, Curse Item, Scrying, Renounce Religion


You were on level 11 of the Dungeon.
You worshipped Ashenzari.
Ashenzari was aware of your devotion.
You were thirsty.

You visited 2 branches of the dungeon, and saw 12 of its levels.

You collected 547 gold pieces.
You spent 166 gold pieces at shops.

Inventory:

Hand Weapons
 a - a +1 dagger (weapon)
 r - a +0 blowgun
Missiles
 g - 119 poisoned needles
 E - a throwing net (quivered)
Armour
 b - a +1 robe (worn)
 q - a +0 helmet (worn)
 A - a +0 cloak (worn)
 C - a +0 pair of gloves (worn)
Jewellery
 l - a ring of protection from fire (left hand)
 y - a ring of sustain attributes (right hand)
Wands
 h - a wand of lightning (2/15)
 i - a wand of paralysis (14/24)
 p - a wand of enslavement (7/24)
 x - a wand of digging (3/24)
 J - a wand of polymorph (16/24)
Scrolls
 j - a scroll of acquirement
 k - a scroll of identify
 n - a scroll of amnesia {unknown}
 s - 3 scrolls of immolation
 t - 2 scrolls of enchant armour
 u - 5 scrolls of remove curse
 z - 2 scrolls of teleportation
 B - 2 scrolls of magic mapping
 F - 2 scrolls of blinking
 I - a scroll of summoning
Potions
 d - 13 potions of blood
 e - 3 potions of resistance
 f - a potion of brilliance
 m - 8 potions of curing
 o - a potion of heal wounds
 v - 4 potions of haste
 G - a potion of cancellation
Books
 c - a book of Maledictions

   Spells                             Type                      Level
   a - Corona                         Hexes                        1
   b - Ensorcelled Hibernation        Hexes/Ice                    2
   c - Confuse                        Hexes                        3
   d - Tukima's Dance                 Hexes                        3
   e - Dazzling Spray                 Conjuration/Hexes            3
 D - a book of Envenomations

   Spells                             Type                      Level
   a - Spider Form                    Transmutation/Poison         3
   b - Olgreb's Toxic Radiance        Poison                       4
   c - Alistair's Intoxication        Transmutation/Poison         5
   d - Poisonous Cloud                Conjuration/Poison/Air       6
 H - a book of Clouds

   Spells                             Type                      Level
   a - Mephitic Cloud                 Conjuration/Poison/Air       3
   b - Conjure Flame                  Conjuration/Fire             3
   c - Poisonous Cloud                Conjuration/Poison/Air       6
   d - Freezing Cloud                 Conjuration/Ice/Air          6
   e - Ring of Flames                 Charms/Fire                  7


   Skills:
 + Level 5.2 Fighting
 + Level 7.0 Short Blades
 + Level 4.6 Throwing
 + Level 7.3 Dodging
 + Level 11.0 Stealth
 + Level 6.3 Spellcasting
 + Level 10.0 Hexes


You had 9 spell levels left.
You knew the following spells:

 Your Spells              Type           Power        Failure   Level  Hunger
a - Corona                Hex            #####..      1%          1    None
b - Ensorcelled Hibernat  Hex/Ice        ####..       1%          2    None
c - Confuse               Hex            #####...     1%          3    ##.....
d - Tukima's Dance        Hex            #####...     1%          3    ##.....
e - Dazzling Spray        Conj/Hex       ####..       4%          3    ##.....


Dungeon Overview and Level Annotations

Branches:
Dungeon (11/15)            Temple (1/1) D:7            Lair (0/8) D:11
    Orc: D:9-12

Altars:
Ashenzari
Cheibriados
Dithmenos
Elyvilon
Fedhas
Gozag
Hepliaklqana
Kikubaaqudgha
Makhleb
Nemelex Xobeh
Okawaru
Pakellas
Qazlal
Ru
Sif Muna
Trog
Uskayaw
Vehumet
Xom
Yredelemnul
Zin
The Shining One

Shops:
D:5 ?=?:


Innate Abilities, Weirdness & Mutations

You heal slowly.
You have razor-sharp teeth.
You have supernaturally acute eyesight. (SInv)
You can survive without breathing.


Message History

an uncursed war axe; a twisted iron wand; a poisoned needle You take 1 damage, and have 28/74 hp.
You feel sick. The cyclops misses you.
You see here a hound corpse.
You take 2 damage, and have 26/74 hp.
You hit the cyclops but do no damage.
The big kobold throws a stone.
The stone closely misses you.
You hit the cyclops but do no damage. You bite the cyclops, but do no damage.
You feel sick.
You take 1 damage, and have 25/74 hp.
You hit the cyclops.
The cyclops is lightly wounded.
You feel sick.
The kobold unwields an uncursed blowgun.
The kobold wields an uncursed club.
The kobold hits you but does no damage.
You take 1 damage, and have 24/74 hp.
You hit the cyclops but do no damage.
The cyclops is lightly wounded.
You feel sick. The cyclops hits you!!
You die...

#......+.#
###+########.$....#.#
#.........##......#<######
#..>......'.................
#.........#.##+###/.........
#......###...# #.'....K.....
#......##.....##(#....K...?.
#......#.......#K#..........
#).....#.......#@#.........#
#............P..CK..........
#.###'#............(........
#..........>................
#.##.............K.(.##.....
####....[............# ....
...[.o.#.......#.....# ...
#####..#.......#..../# ..
..[....##.....##.....# .


You could see a cyclops (confused), a big kobold and 2 kobolds.

Vanquished Creatures
  Pikel (D:6)
  A hill giant (D:10)
  A troll (D:9)
  Grinder (D:6)
  A spriggan (D:7)
  3 yaks (D:7)
  A wyvern (D:9)
  Menkaure (D:6)
  2 wargs
  2 soldier ants
  A water moccasin (D:7)
  An ice beast (D:7)
  2 orc warriors
  2 sky beasts
  A slave (D:6)
  A black bear (D:6)
  4 phantoms
  A necrophage (D:8)
  2 ogres
  4 centaurs
  Blork the orc (D:4)
  2 giant frogs
  3 scorpions
  10 killer bees
  3 wights (D:6)
  2 howler monkeys
  A crimson imp (D:5)
  A quasit (D:9)
  7 hounds
  10 orc wizards
  5 orc priests
  Crazy Yiuf (D:4)
  A centaur skeleton (D:9)
  A jelly (D:5)
  2 giant frog skeletons
  5 iguanas
  15 worker ants
  A worker ant zombie (D:7)
  9 gnolls
  A howler monkey skeleton (D:7)
  9 adders
  3 shadow imps
  An ooze (D:4)
  2 adder skeletons
  3 worms
  3 dart slugs
  8 giant geckos
  45 orcs
  2 ball pythons
  7 giant cockroaches
  6 goblins
  9 hobgoblins
  8 jackals
  8 kobolds
  3 quokkas
  5 bats
  2 giant gecko skeletons
  10 giant newts
  2 quokka zombies
  4 rats
  A butterfly (D:9)
255 creatures vanquished.

Vanquished Creatures (collateral kills)
  A killer bee (D:9)
1 creature vanquished.

Vanquished Creatures (others)
  A dancing weapon (D:5)
  A hound (D:6)
  A giant newt (D:1)
3 creatures vanquished.

Grand Total: 259 creatures vanquished

Notes
Turn   | Place    | Note
--------------------------------------------------------------
     0 | D:1      | mistymad the Vampire Enchanter began the quest for the Orb.
     0 | D:1      | Reached XP level 1. HP: 13/13 MP: 3/3
   100 | D:1      | Reached XP level 2. HP: 10/20 MP: 5/5
   104 | D:1      | Learned a level 2 spell: Ensorcelled Hibernation
   940 | D:2      | Found a snail-covered altar of Cheibriados.
   940 | D:2      | Found a glowing silver altar of Zin.
  1031 | D:2      | Reached XP level 3. HP: 15/25 MP: 6/6
  1676 | D:2      | Reached skill level 5 in Stealth
  1701 | D:2      | Reached skill level 1 in Fighting
  1809 | D:2      | Found a faded altar of an unknown god.
  2399 | D:3      | Found a shimmering altar of Xom.
  2479 | D:3      | Reached XP level 4. HP: 21/32 MP: 7/7
  2872 | D:3      | Learned a level 3 spell: Confuse
  2940 | D:3      | Reached skill level 5 in Hexes
  3148 | D:3      | Reached XP level 5. HP: 28/37 MP: 1/9
  4095 | D:4      | Noticed Blork the orc
  4116 | D:4      | Killed Blork the orc
  4116 | D:4      | Reached skill level 6 in Stealth
  4116 | D:4      | Reached XP level 6. HP: 44/44 MP: 7/10
  4122 | D:4      | Found a stormy altar of Qazlal.
  4295 | D:4      | Found an opulent altar of Gozag.
  4398 | D:5      | Entered Level 5 of the Dungeon
  4584 | D:5      | Learned a level 3 spell: Tukima's Dance
  4814 | D:4      | Found a glowing golden altar of the Shining One.
  5012 | D:4      | Noticed Crazy Yiuf
  5297 | D:4      | Killed Crazy Yiuf
  5442 | D:4      | Reached XP level 7. HP: 43/51 MP: 4/12
  5497 | D:5      | Found Dedaat's Book Emporium.
  5581 | D:5      | Found Fegut's Jewellery Boutique.
  5600 | D:5      | Found Tuafyigg's Magic Scroll Emporium.
  5607 | D:5      | Bought a scroll of identify for 26 gold pieces
  5607 | D:5      | Bought a scroll of identify for 26 gold pieces
  5607 | D:5      | Bought a scroll of identify for 26 gold pieces
  5607 | D:5      | Bought a scroll of remove curse for 39 gold pieces
  5793 | D:5      | Reached skill level 1 in Throwing
  5825 | D:5      | Found a deep blue altar of Sif Muna.
  6020 | D:5      | Found Liump's Magic Scroll Shoppe.
  6058 | D:5      | Bought a scroll of magic mapping for 49 gold pieces
  6093 | D:5      | Reached skill level 7 in Stealth
  6870 | D:6      | Noticed Pikel
  7042 | D:6      | Noticed Grinder
  7083 | D:6      | Killed Grinder
  7083 | D:6      | Reached XP level 8. HP: 58/58 MP: 6/14
  7300 | D:6      | Found a blossoming altar of Fedhas.
  7303 | D:6      | Found a shadowy altar of Dithmenos.
  7308 | D:6      | Noticed Menkaure
  7738 | D:6      | Killed Menkaure
  8015 | D:6      | Killed Pikel
  8015 | D:6      | Reached skill level 5 in Dodging
  8015 | D:6      | Reached skill level 8 in Stealth
  8038 | D:6      | Reached XP level 9. HP: 65/65 MP: 4/15
  8138 | D:6      | Reached skill level 5 in Short Blades
  8853 | D:6      | Reached skill level 9 in Stealth
  8989 | D:7      | Found a staircase to the Ecumenical Temple.
  9003 | Temple   | Entered the Ecumenical Temple
  9094 | Temple   | Became a worshipper of Ashenzari the Shackled
  9410 | D:7      | Learned a level 3 spell: Dazzling Spray
  9453 | D:7      | Reached skill level 5 in Spellcasting
 10126 | D:7      | Identified a scroll of acquirement
 10141 | D:8      | Found an ancient bone altar of Kikubaaqudgha.
 10465 | D:8      | Reached XP level 10. HP: 73/73 MP: 10/18
 10763 | D:8      | Reached skill level 10 in Stealth
 11869 | D:9      | Found a shattered altar of Ashenzari.
 12143 | D:9      | Found a runed door.
 12161 | D:9      | Found a runed door.
 12782 | D:9      | Found a burning altar of Makhleb.
 13075 | D:10     | Entered Level 10 of the Dungeon
 13219 | D:10     | Reached * piety under Ashenzari
 13615 | D:10     | Noticed a hill giant
 13632 | D:10     | Killed a hill giant
 13632 | D:10     | Reached skill level 5 in Fighting
 13702 | D:11     | Noticed a cyclops
 13805 | D:11     | Found a staircase to the Lair.
 14373 | D:11     | Reached skill level 11 in Stealth
 14373 | D:11     | Reached skill level 10 in Hexes
 14633 | D:11     | Slain by a cyclops

Vault maps used:
D:1:      saegor_arrival_miasma, roderic_nine_men_s_morris
D:2:      amethyst_overflow_temple_binary, ecumenical_altar_2, item_on_display_a
D:3:      xom_teletrap_fun
D:4:      nicolae_tso_swordbearing_angel, lemuel_round_altar,
          nicolae_overflow_crystal_walls, first_bread, uniq_crazy_yiuf_cottage,
          uniq_blork_the_orc
D:5:      old_standard_altar, serial_shops, kennysheep_little_box, shop, shop,
          nicolae_shop_trees
D:6:      lemuel_doored_altar, overflow_temple_1_default,
          minmay_misc_feat_pillars, grunt_ministairs_15, uniq_pikel,
          uniq_menkaure, uniq_grinder
D:7:      kennysheep_big_flooded_room, minmay_temple_entry_large_hall,
          the_bakery, kennysheep_generic_room_12
D:8:      lemuel_crystal_altar, serial_co_window_serial,
          co_window_of_opportunity_a, co_window_paths_a, co_window_corner_a,
          co_window_of_opportunity_a, co_window_paths_b, co_window_corner_a,
          co_window_corner_a, co_window_of_opportunity_a,
          co_window_of_opportunity_a, co_window_unsneaky_path_a,
          co_window_cross_3, co_window_unsneaky_path_a,
          co_window_unsneaky_path_c, co_window_paths_d
D:9:      lemuel_insect_pit, lemuel_round_altar, basic_altar
D:11:     erik_lair_orcish_takeover, uniq_fannar
Temple:   circular_temple_12

Skill      XL: |  1  2  3  4  5  6  7  8  9 10 |
---------------+-------------------------------+-----
Stealth        | 5 6 7 8 9 11 | 11.0
Fighting       | 1 2 3 4 5 |  5.2
Dodging        | 3 4 5 6 7 |  7.3
Hexes          | 5 6 7 9 10 | 10.0
Short Blades   | 2 3 4 5 7 |  7.0
Spellcasting   | 3 4 5 6 |  6.3
Throwing       | 1 2 3 4 |  4.6

Action                   |  1- 3 |  4- 6 |  7- 9 | 10-12 || total
-------------------------+-------+-------+-------+-------++-------
Melee: Dagger            |   105 |   240 |   260 |   279 ||   884
       Bite              |     8 |    23 |    17 |    24 ||    72
 Fire: Blowgun           |       |       |     9 |     1 ||    10
 Cast: Ensorcelled Hiber |    14 |    41 |    64 |    40 ||   159
       Confuse           |       |    22 |    39 |    52 ||   113
       Tukima's Dance    |       |       |     2 |       ||     2
 Abil: End Transformatio |       |       |     2 |       ||     2
       Bat Form          |       |       |     2 |       ||     2
  Use: Potion            |     1 |     8 |     6 |     9 ||    24
       Scroll            |       |       |    19 |     1 ||    20
 Stab: Sleeping          |    24 |    34 |    63 |    28 ||   149
       Confused          |       |     7 |    18 |    31 ||    56
       Distracted        |       |       |     1 |     1 ||     2
Armor: Robe              |    13 |    47 |    19 |    33 ||   112
Dodge: Dodged            |    67 |   176 |   130 |   252 ||   625
